 Dungeon Crawl Stone Soup version 0.26.0-90-g5fd8617961 (webtiles) character file.

Game seed: 3214206049644367273

120 Gadfly the Cudgeller (level 5, -6/50 HPs)
             Began as an Ogre Gladiator on Feb 3, 2021.
             Mangled by an ogre
             ... wielding a +0 giant club
              (26 damage)
             ... on level 3 of the Dungeon.
             The game lasted 00:04:58 (2930 turns).

Gadfly the Cudgeller (Ogre Gladiator)               Turns: 2930, Time: 00:04:58

Health: -6/50      AC:  7    Str: 19    XL:     5   Next: 4%
Magic:  6/6        EV: 14    Int:  9    God:
Gold:   85         SH:  0    Dex: 10    Spells: 4/4 levels left

rFire    . . .     SeeInvis .   b - +1 dagger (venom)
rCold    . . .     Faith    .   (no shield)
rNeg     . . .     Spirit   .   j - +0 robe
rPois    .         Reflect  .   c - +0 hat
rElec    .         Harm     .   (no cloak)
rCorr    .         Rampage  .   (gloves unavailable)
Will     .....                  (boots unavailable)
Stlth    +.........             (no amulet)
HPRegen  0.16/turn              f - +4 ring of protection
MPRegen  0.10/turn              i - +4 ring of evasion

@: no status effects
A: large, unfitting armour, tough skin 1
a: no special abilities


You were on level 3 of the Dungeon.
You visited 1 branch of the dungeon, and saw 3 of its levels.

You collected 85 gold pieces.

Inventory:

Hand Weapons
 a - a +0 flail
 b - a +1 dagger of venom (weapon)
Missiles
 d - 3 throwing nets
 h - 15 atropa-tipped darts (quivered)
 k - 7 silver javelins
 l - 5 boomerangs
Armour
 c - a +0 hat (worn)
 j - a +0 robe (worn)
Jewellery
 f - a +4 ring of protection (left hand)
 i - a +4 ring of evasion (right hand)
Wands
 m - a wand of acid (2)
Scrolls
 e - 4 scrolls of identify
Potions
 n - a potion of lignification
 o - a potion of flight


   Skills:
 - Level 2.6 Fighting
 + Level 3.0 Maces & Flails
 + Level 2.5 Throwing
 * Level 1.5 Armour
 - Level 2.6 Dodging
 * Level 2.4 Invocations
 * Level 1.6 Evocations


You had 4 spell levels left.
You didn't know any spells.
Your spell library was empty.

Dungeon Overview and Level Annotations

Branches:
Dungeon (3/15)

Altars:
Nemelex Xobeh
Okawaru
Vehumet


Innate Abilities, Weirdness & Mutations

You are too large for most types of armour.
You have tough skin. (AC +1)


Message History

You don't have any such object.
Evoke which item? (* to show all) (? for menu, Esc to quit)
Okay, then.
Throw: 17 darts (atropa)
Press: ? - help, Q - select action, (/) - cycle Shift-Dir - straight line, f - ogre
Aim: an ogre, wielding a +0 giant club (moderately wounded, poisoned, 73% to hit, chance to blind on hit: 51%)
You throw an atropa-tipped dart.
The atropa-tipped dart barely misses the ogre.
Throw: 16 darts (atropa)
Press: ? - help, Q - select action, (/) - cycle Shift-Dir - straight line, f/p - ogre
Aim: an ogre, wielding a +0 giant club (moderately wounded, poisoned, 73% to hit, chance to blind on hit: 51%)
You throw an atropa-tipped dart. The atropa-tipped dart hits the ogre.
The ogre resists.
The ogre is moderately wounded.
The ogre hits you with a +0 giant club.
You hit the ogre.
The ogre looks as sick as possible!
The ogre is heavily wounded.
The ogre hits you with a +0 giant club!!
Ouch! That really hurt!
You die...

..........# #.####.#
#########.# #.# #.# .^....# #.#
#.# #.# #####.# #.####.####.#
....#.###....#.#(...########...
.............†.....h....)..'...
..#...####.#.#.#h####<######...
..#####......#.#O# #(#
....?...##.....#@# #.#
.................# #.#
..[.###########..# #.# ....#
..........## #.# ....#
...........# #.# . ....#
...........###.##.... ....#
...................... ....#
..........#..#.####### ....#
.............#.#


You could see an ogre (extremely poisoned) and a jackal.

Vanquished Creatures
  Ijyb (D:2)
  A gnoll (D:1)
  3 oozes
  4 worms
  A dart slug (D:1)
  A leopard gecko (D:3)
  4 orcs
  3 ball pythons
  2 bats
  2 giant cockroaches
  3 goblins
  6 hobgoblins
  6 jackals (D:3)
  10 kobolds
  2 frilled lizards
  5 rats
54 creatures vanquished.

Notes
Turn   | Place    | Note
-------+----------+-------------------------------------------
     0 | D:1      | Gadfly the Ogre Gladiator began the quest for the Orb.
     0 | D:1      | Reached XP level 1. HP: 22/22 MP: 1/1
   380 | D:1      | Reached XP level 2. HP: 29/29 MP: 2/2
   436 | D:1      | Reached skill level 1 in Invocations
   662 | D:1      | Reached XP level 3. HP: 31/36 MP: 3/3
   747 | D:1      | Reached skill level 1 in Armour
  1127 | D:2      | Found a radiant altar of Vehumet.
  1148 | D:2      | Reached skill level 1 in Evocations
  1562 | D:2      | Reached XP level 4. HP: 44/44 MP: 5/5
  1645 | D:2      | Found an iron altar of Okawaru.
  1645 | D:2      | Found a sparkling altar of Nemelex Xobeh.
  1884 | D:3      | Noticed Ijyb
  2100 | D:2      | Killed Ijyb
  2101 | D:2      | Reached skill level 3 in Maces & Flails
  2904 | D:3      | Reached XP level 5. HP: 50/50 MP: 6/6
  2904 | D:3      | Noticed an ogre
  2930 | D:3      | Mangled by an ogre

Illustrated notes

Levels and vault maps discovered:
D:1:      dpeg_chamrin_arrival_tetris, layout_basic, st_stairs_13,
          kennysheep_boxes
D:2:      layout_rooms, nicolae_overflow_hidden_temple,
          minmay_increasing_density
D:3:      layout_basic, uniq_robin, uniq_ijyb

Skill      XL: |  1  2  3  4 |
---------------+-------------+-----
Invocations    | 1 2 |  2.4
Armour         | 1 |  1.5
Evocations     | 1 |  1.6
Maces & Flails | 3 |  3.0
Fighting       | |  2.6
Throwing       | |  2.5
Dodging        | |  2.6

Action                   |  1- 3 |  4- 6 || total
-------------------------+-------+-------++-------
Melee: Flail             |    67 |       ||    67
       Dagger            |    31 |    91 ||   122
Throw: Throwing net      |       |     2 ||     2
       Dart              |       |     2 ||     2
  Use: Scroll            |     2 |     6 ||     8
 Stab: Sleeping          |       |     1 ||     1
Armor: Robe              |    39 |    18 ||    57
Dodge: Dodged            |    52 |    73 ||   125
